 Dungeon Sprint DCSS version 0.31-a0-986-g5e6e4ef867 (webtiles) character file.

Game seed: 13784283335804825144

109 sircluck the Ruffian (level 4, 0/75 HPs)
             Began as a Troll Berserker on Nov 13, 2023.
             Was a Follower of Trog.
             Slain by Grum
             ... wielding a +0 halberd
              (22 damage)
             ... in the Dungeon (Sprint VII: "The Pits").
             The game lasted 00:00:11 (26 turns).

sircluck the Ruffian (Troll Berserker)                Turns: 26, Time: 00:00:11

Health: 0/75       AC:  4    Str: 27    XL:     4   Next: 60%
Magic:  3/3        EV: 10    Int:  3    God:    Trog [*.....]
Gold:   0          SH:  0    Dex:  9    Spells: 3/3 levels left

rFire   . .          .
                       - Unarmed
rCold   . . .        (no shield)
rNeg    . . .        a - +0 animal skin
rPois   .            (helmet restricted)
rElec   .            (no cloak)
rCorr   .            (gloves unavailable)
SInv    .            (boots unavailable)
Will    .....        (no amulet) Stlth
                     (no ring)
HPRegen 1.12/turn    (no ring)
MPRegen 0.08/turn

%: no teleportation
@: berserking (expiring), very quick
A: large, unfitting armour, claws 3, regeneration 1, shaggy fur 1, tough skin 1
a: Renounce Religion, Berserk


You were in the Dungeon.
You worshipped Trog.
Trog was aware of your devotion.
You visited 1 branch

Inventory:

Armour
 a - a +0 animal skin (worn)
Scrolls
 g - a scroll of blinking
Potions
 b - a potion of curing
 c - a potion of heal wounds
 d - a potion of haste
 e - 2 potions of magic
 f - a potion of berserk rage


   Skills:
 + Level 5.0 Fighting
 + Level 5.0 Dodging
 + Level 6.0 Unarmed Combat


You had 3 spell levels left.
You didn't know any spells.
Your spell library was empty.

Dungeon Overview and Level Annotations

Branches:
Dungeon (1/1)

Altars:

Annotations:
D Grum, Psyche


Innate Abilities, Weirdness & Mutations

You are too large for most types of armour.
You have claws for hands.
Your natural rate of healing is unusually fast.
You are covered in fur. (AC +1)
You have tough skin. (AC +1)


Message History

Your Unarmed Combat skill increases to level 4!
You have reached level 2!
You have reached level 3!
Your experience leads to an increase in your attributes!
Increase (S)trength, (I)ntelligence, or (D)exterity?
You feel stronger. x3
Unknown command.
You are too injured to fight recklessly!
Unknown command.
You are too injured to fight recklessly!
Unknown command.
You are too injured to fight recklessly!
You are too injured to fight recklessly!
Unknown command.
You are too injured to fight recklessly!
Unknown command.
You closely miss the wolf. The wolf bites you but does no damage.
The wolf bites you. The wolf barely misses you.
You mangle the wolf!!
You kill the wolf!
Trog accepts your kill. The wolf bites you but does no damage.
The wolf bites you. Grum barely misses you.
Your Fighting skill gained 2 levels and is now at level 5!
Your Dodging skill gained 2 levels and is now at level 5!
Your Unarmed Combat skill gained 2 levels and is now at level 6!
You have reached level 4!
Unknown command.
You claw the wolf!
The wolf is heavily wounded.
The wolf barely misses you.
You miss the wolf.
The wolf is heavily wounded.
The wolf bites you.
The wolf stops to sniff the ground.
The wolf bites you.
* * * LOW HITPOINT WARNING * * *
The wolf bites you but does no damage.
Grum hits you from afar with a +0 halberd!!
You die...

#................+
+................+
#......#..#......#
#................#
####'#####''######
#.......##''#####
#.......##......#
#.......##......#
#...<...###h@†.##
#.......# ##hh##
#.......# g...#
#.......# ......#
##########......+
#......# ##....##
##++##


You could see Grum and 3 wolves.

Vanquished Creatures
  A wolf (D)
  Crazy Yiuf (D)
2 creatures vanquished.

Notes
Turn   | Place    | Note
-------+----------+-------------------------------------------
     0 | D        | sircluck the Troll Berserker began the quest for the Orb.
     0 | D        | Reached XP level 1. HP: 22/22 MP: 0/0
    17 | D        | Noticed Crazy Yiuf
    17 | D        | Noticed Grum
    17 | D        | Noticed a wolf
    17 | D        | Noticed a wolf
    17 | D        | Noticed a wolf
    17 | D        | Noticed a wolf
    17 | D        | Noticed Psyche
    22 | D        | Killed Crazy Yiuf
    23 | D        | Reached skill level 4 in Unarmed Combat
    23 | D        | Reached XP level 2. HP: 22/32 MP: 1/1
    23 | D        | Reached XP level 3. HP: 27/39 MP: 2/2
    24 | D        | Killed a wolf
    25 | D        | Reached skill level 5 in Fighting
    25 | D        | Reached skill level 5 in Dodging
    25 | D        | Reached skill level 6 in Unarmed Combat
    25 | D        | Reached XP level 4. HP: 28/50 MP: 3/3
    26 | D        | Slain by Grum

Illustrated notes

Levels and vault maps discovered:
D:        pitsprint [storerooms_1, entrance_room_1, metal_vault_2, armoury_1,
          mini_pit_1, grid_room_1, main_hall_1, silver_pit, the_coven_1,
          the_vestibule_1, steel_vault_2, golden_pit, hallway_of_sentries,
          crystal_vault_3, iron_vault_1, final_vault]

Skill      XL: |  1  2  3 |
---------------+----------+-----
Fighting       | 3 5 |  5.0
Dodging        | 3 5 |  5.0
Unarmed Combat | 4 6 |  6.0

Action                     |  1- 3 |  4- 6 || total
---------------------------+-------+-------++-------
  Melee: Unarmed           |     6 |     2 ||     8
 Invoke: Berserk           |     1 |       ||     1
 Armour: Animal skin       |     7 |     4 ||    11
  Dodge: Dodged            |    11 |     1 ||    12

Table legend: (Time is in decaauts)
 A = Elapsed time spent in this place.
 B = Non-inter-level travel time spent in this place.
 C = Inter-level travel time spent in this place.
 D = Time resting spent in this place.
 E = Time spent auto-exploring this place.
 F = Levels seen in this place.
 G = Mean time per level.
                   A        B        C        D        E       F      G
               +--------+--------+--------+--------+--------+-----+--------+
         Total |     23 |     23 |      0 |      0 |     17 |   1 |   23.0 |
       Dungeon |     23 |     23 |      0 |      0 |     17 |   1 |   23.0 |
               +--------+--------+--------+--------+--------+-----+--------+

Top non-repeatable levels by time:
       D: 23 daAuts
